[Event "35th European Club Cup 2019"]
[Site "Ulcinj"]
[Date "2019.11.15"]
[Round "6.21"]
[White "Brunner, Lucas"]
[Black "Beerdsen, Thomas"]
[Result "1/2-1/2"]
[ECO "D33"]
[WhiteElo "2441"]
[BlackElo "2468"]
[Annotator "ChessBase"]
[PlyCount "60"]
[EventDate "2019.11.10"]
[EventType "team-tourn"]
[EventCountry "MNE"]
[SourceTitle "playchess.com"]
[Source "ChessBase"]
[SourceQuality "1"]
[WhiteTeam "Zurich SG"]
[BlackTeam "Echiquier Mosan"]
[TimeControl "40/5400+30:1800+30"]

1. Nf3 c5 2. c4 Nf6 3. Nc3 Nc6 4. g3 d5 5. d4 e6 6. cxd5 exd5 7. Bg2 cxd4 8. Nxd4 Bc5 9. Nxc6 bxc6 10. O-O O-O 11. Qc2 Bd6 12. e4 Rb8 13. exd5 Nxd5 14. Nxd5 cxd5 15. Rd1 Qf6 16. Rxd5 Be5 17. Qc5 Bxb2 18. Bxb2 Qxb2 19. Qd4 Qxd4 20. Rxd4 Rb5 21. Bd5 Rc5 22. Rad1 g6 23. h4 Kg7 24. Bb3 Rc7 25. f3 Re8 26. Kf2 Rce7 27. R1d2 Be6 28. Re2 Bxb3 29. Rxe7 Rxe7 30. axb3 Rb7 1/2-1/2

[Event "35th European Club Cup 2019"]
[Site "Ulcinj"]
[Date "2019.11.15"]
[Round "6.21"]
[White "Varga, Zoltan"]
[Black "Lisko, Frantisek"]
[Result "1-0"]
[ECO "B10"]
[WhiteElo "2424"]
[BlackElo "2274"]
[Annotator "NA"]
[PlyCount "59"]
[EventDate "2019.11.10"]
[EventType "team-tourn"]
[EventCountry "MNE"]
[SourceTitle "playchess.com"]
[Source "ChessBase"]
[SourceQuality "1"]
[WhiteTeam "Dunajska Streda"]
[BlackTeam "Inbest Dunajov"]
[TimeControl "40/5400+30:1800+30"]

1. e4 c6 2. c4 e6 3. Nc3 d5 4. cxd5 exd5 5. exd5 cxd5 6. Nf3 Nf6 7. Bb5+ Nc6 8. O-O Bd6 9. Re1+ Be6 10. d4 h6 11. Ne5 O-O 12. Bxc6 bxc6 13. Nxc6 Qb6 14. Ne5 Rac8 15. Qd3 Bb4 16. Bd2 Ne4 17. Na4 Qa5 18. Bxb4 Qxb4 19. b3 Rc7 20. f3 Nd6 21. Nc5 Bf5 22. Qe3 Bc8 23. Ned3 Qc3 24. Rac1 Qa5 25. Qe5 Rd8 26. a4 Ne8 27. Nf4 Nf6 28. b4 Qb6 29. a5 Qb8 30. Na6 1-0

[Event "35th European Club Cup 2019"]
[Site "Ulcinj"]
[Date "2019.11.15"]
[Round "6.22"]
[White "Umudova, Nargiz"]
[Black "Vogt, Lothar"]
[Result "1/2-1/2"]
[ECO "B40"]
[WhiteElo "2270"]
[BlackElo "2351"]
[Annotator "NA"]
[PlyCount "60"]
[EventDate "2019.11.10"]
[EventType "team-tourn"]
[EventCountry "MNE"]
[SourceTitle "playchess.com"]
[Source "ChessBase"]
[SourceQuality "1"]
[WhiteTeam "Echiquier Mosan"]
[BlackTeam "Zurich SG"]
[TimeControl "40/5400+30:1800+30"]

1. e4 c5 2. Nf3 e6 3. d4 cxd4 4. Nxd4 Nf6 5. Bd3 d6 6. c4 Be7 7. Nc3 O-O 8. O-O b6 9. Be3 Bb7 10. Qe2 Nbd7 11. f3 Qc7 12. Rac1 a6 13. Qf2 Rfe8 14. b4 Rac8 15. Na4 Qb8 16. Nb3 d5 17. exd5 exd5 18. c5 bxc5 19. bxc5 Ne5 20. Be2 Nc6 21. Nd4 Bd8 22. Rb1 Qe5 23. Rxb7 Qxe3 24. Qxe3 Rxe3 25. Nxc6 Rxc6 26. Rb8 Re8 27. Ra8 Be7 28. Rxe8+ Nxe8 29. Rb1 f6 30. Kf1 Rc7 1/2-1/2

[Event "35th European Club Cup 2019"]
[Site "Ulcinj"]
[Date "2019.11.15"]
[Round "6.22"]
[White "Kantorik, Marian"]
[Black "Csonka, Attila Istvan"]
[Result "1/2-1/2"]
[ECO "D07"]
[WhiteElo "2181"]
[BlackElo "2348"]
[Annotator "NA"]
[PlyCount "61"]
[EventDate "2019.11.10"]
[EventType "team-tourn"]
[EventCountry "MNE"]
[SourceTitle "playchess.com"]
[Source "ChessBase"]
[SourceQuality "1"]
[WhiteTeam "Inbest Dunajov"]
[BlackTeam "Dunajska Streda"]
[TimeControl "40/5400+30:1800+30"]

1. d4 d5 2. c4 Nc6 3. cxd5 Qxd5 4. Nf3 e5 5. Nc3 Bb4 6. e3 Nf6 7. Bd2 Bxc3 8. Bxc3 Ne4 9. Qb3 Be6 10. Qxd5 Bxd5 11. Bb5 exd4 12. Bxd4 f6 13. O-O O-O-O 14. Bxc6 Bxc6 15. Rfd1 Rd5 16. Rdc1 a6 17. b3 Rhd8 18. Rc2 Ng5 19. Nxg5 Rxg5 20. f4 Rgd5 21. Rac1 R5d7 22. Kf2 Be4 23. Rc3 Kb8 24. b4 Bd5 25. a3 Bc6 26. R1c2 Be4 27. Rc1 Bc6 28. R1c2 Be4 29. Rc1 Bc6 30. R1c2 Be4 31. Rc1 1/2-1/2

[Event "35th European Club Cup 2019"]
[Site "Ulcinj"]
[Date "2019.11.15"]
[Round "6.23"]
[White "Meszaros, Michal"]
[Black "Hanko, Pavol"]
[Result "1-0"]
[ECO "B83"]
[WhiteElo "2355"]
[BlackElo "2114"]
[Annotator "NA RC"]
[PlyCount "83"]
[EventDate "2019.11.10"]
[EventType "team-tourn"]
[EventCountry "MNE"]
[SourceTitle "playchess.com"]
[Source "ChessBase"]
[SourceQuality "1"]
[WhiteTeam "Dunajska Streda"]
[BlackTeam "Inbest Dunajov"]
[TimeControl "40/5400+30:1800+30"]

1. e4 c5 2. Nf3 e6 3. d4 cxd4 4. Nxd4 Nf6 5. Nc3 d6 6. Be2 Be7 7. O-O Nc6 8. Be3 a6 9. f4 Qc7 10. a4 O-O 11. Kh1 Re8 12. Bf3 Rb8 13. Qd2 Bf8 14. Rad1 e5 15. Nxc6 bxc6 16. b3 a5 17. f5 Ba6 18. Rg1 d5 19. Bg5 Bb4 20. Bxf6 gxf6 21. exd5 Rbd8 22. Qe3 e4 23. Nxe4 Kg7 24. dxc6 Rxd1 25. Rxd1 Qxc6 26. Qd4 Re5 27. Ng3 Qe8 28. Nh5+ Kf8 29. Nxf6 Re1+ 30. Rxe1 Qxe1+ 31. Qg1 Qc3 32. Nxh7+ Kg8 33. Ng5 Qxc2 34. Bd5 Qxf5 35. Bxf7+ Kf8 36. h4 Qg4 37. Qf2 Qd1+ 38. Kh2 Qd6+ 39. Qg3 Qe7 40. Qf3 Qc7+ 41. Kh3 Ke7 42. Qe4+ 1-0

[Event "35th European Club Cup 2019"]
[Site "Ulcinj"]
[Date "2019.11.15"]
[Round "6.24"]
[White "Magat, Jozef"]
[Black "Takacs, Laszlo"]
[Result "1/2-1/2"]
[ECO "A45"]
[WhiteElo "2105"]
[BlackElo "2239"]
[Annotator "NA"]
[PlyCount "136"]
[EventDate "2019.11.10"]
[EventType "team-tourn"]
[EventCountry "MNE"]
[SourceTitle "playchess.com"]
[Source "ChessBase"]
[SourceQuality "1"]
[WhiteTeam "Inbest Dunajov"]
[BlackTeam "Dunajska Streda"]
[TimeControl "40/5400+30:1800+30"]

1. d4 Nf6 2. Bg5 Ne4 3. Bf4 c5 4. Nd2 Nxd2 5. Qxd2 Qb6 6. O-O-O cxd4 7. Bxb8 Rxb8 8. Qxd4 Qxd4 9. Rxd4 g6 10. e3 Bg7 11. Rd2 O-O 12. Nf3 d6 13. h4 Bg4 14. Be2 Rfc8 15. Nd4 Bxe2 16. Rxe2 Rc4 17. h5 Rbc8 18. c3 Bxd4 19. exd4 e6 20. hxg6 hxg6 21. Kd2 b5 22. a3 a5 23. Re3 b4 24. axb4 axb4 25. Ra1 R8c7 26. Ra6 d5 27. Rf3 Kg7 28. g3 Rb7 29. Ra2 Kh6 30. Rd3 Kg5 31. f3 bxc3+ 32. bxc3 Rc8 33. Re3 Rb1 34. Rc2 Rg1 35. Re5+ Kf6 36. g4 Rh8 37. Ke3 Rh3 38. g5+ Rxg5 39. Rxg5 Kxg5 40. c4 dxc4 41. Rxc4 Kf6 42. Rc1 Rh5 43. Rc7 Ra5 44. Ke4 g5 45. Rc8 Kg7 46. Rc7 Kg6 47. Rc8 f5+ 48. Ke3 Ra3+ 49. Kf2 f4 50. Rd8 Ra2+ 51. Kf1 Ra5 52. Re8 Kf7 53. Rb8 Rd5 54. Rb4 Kg6 55. Kg2 Kf5 56. Kh3 g4+ 57. fxg4+ Ke4 58. Rb6 Kf3 59. Rxe6 Rxd4 60. Re1 Kf2 61. Ra1 Rd3+ 62. Kh4 f3 63. g5 Kg2 64. Kh5 f2 65. g6 Rh3+ 66. Kg5 Rg3+ 67. Kh6 Kh3 68. Rf1 Kg2 1/2-1/2

[Event "35th European Club Cup 2019"]
[Site "Ulcinj"]
[Date "2019.11.15"]
[Round "6.24"]
[White "Bikady, Claude"]
[Black "Goldstern, Filip"]
[Result "1-0"]
[ECO "A40"]
[WhiteElo "1912"]
[BlackElo "2279"]
[Annotator "NA"]
[PlyCount "75"]
[EventDate "2019.11.10"]
[EventType "team-tourn"]
[EventCountry "MNE"]
[SourceTitle "playchess.com"]
[Source "ChessBase"]
[SourceQuality "1"]
[WhiteTeam "Echiquier Mosan"]
[BlackTeam "Zurich SG"]
[TimeControl "40/5400+30:1800+30"]

1. d4 g6 2. Nf3 Bg7 3. Nc3 d6 4. e4 a6 5. Be3 e6 6. a4 b6 7. Qd2 h6 8. Bd3 Bb7 9. O-O Nd7 10. d5 e5 11. b4 a5 12. Nb5 axb4 13. Qxb4 Rb8 14. Qc3 Nc5 15. Bxc5 bxc5 16. Na7 Ne7 17. Bb5+ Kf8 18. Rfb1 f5 19. Nc6 Bxc6 20. Bxc6 fxe4 21. Nd2 Nxc6 22. dxc6 Rxb1+ 23. Rxb1 Qe8 24. Qc4 Qxc6 25. Rb8+ Ke7 26. Rxh8 d5 27. Qb3 Bxh8 28. a5 Bf6 29. Qa3 Bg5 30. Nb3 e3 31. Nxc5 e2 32. Nd3+ Qd6 33. Qa1 e4 34. Ne1 Bd2 35. a6 Qf6 36. Qxf6+ Kxf6 37. a7 Bxe1 38. a8=Q 1-0

[Event "35th European Club Cup 2019"]
[Site "Ulcinj"]
[Date "2019.11.15"]
[Round "6.26"]
[White "Alekseev, Evgeny"]
[Black "Paravyan, David"]
[Result "1-0"]
[ECO "C50"]
[WhiteElo "2623"]
[BlackElo "2628"]
[Annotator "ChessBase"]
[PlyCount "109"]
[EventDate "2019.11.10"]
[EventType "team-tourn"]
[EventCountry "MNE"]
[SourceTitle "playchess.com"]
[Source "ChessBase"]
[SourceQuality "1"]
[WhiteTeam "Law & Order"]
[BlackTeam "Molodezka"]
[TimeControl "40/5400+30:1800+30"]

1. e4 e5 2. Nf3 Nc6 3. Bc4 Nf6 4. d3 Bc5 5. O-O d6 6. c3 a6 7. Bb3 Ba7 8. Be3 Bxe3 9. fxe3 Na5 10. Bc2 c5 11. Nbd2 O-O 12. a3 Be6 13. b4 Nc6 14. h3 h6 15. Qe1 Rc8 16. Rc1 Ne7 17. Bb1 Ng6 18. d4 b5 19. Nh4 cxb4 20. axb4 a5 21. Bd3 Nxh4 22. Qxh4 axb4 23. cxb4 Qb6 24. Qf2 Bc4 25. Bxc4 bxc4 26. dxe5 dxe5 27. Rxc4 Rxc4 28. Nxc4 Qxb4 29. Nxe5 Qxe4 30. Qf4 Re8 31. Qxe4 Nxe4 32. Nxf7 Re7 33. Nd8 Nf6 34. Re1 Ne4 35. Nc6 Rc7 36. Nd4 Rc3 37. g4 Rd3 38. Kg2 Ra3 39. h4 Kf7 40. Kf3 Nf6 41. Rb1 Nd5 42. Rb3 Ra7 43. e4 Ne7 44. Ke3 Ng6 45. h5 Ne5 46. Kf4 Nd7 47. Rb4 Nc5 48. Rb5 Nd3+ 49. Ke3 Nc1 50. e5 Na2 51. e6+ Kg8 52. Nf5 Ra3+ 53. Kd2 Ra8 54. e7 Kf7 55. Re5 1-0

[Event "35th European Club Cup 2019"]
[Site "Ulcinj"]
[Date "2019.11.15"]
[Round "6.28"]
[White "Kokarev, Dmitry"]
[Black "Yuffa, Daniil"]
[Result "1-0"]
[ECO "A00"]
[WhiteElo "2601"]
[BlackElo "2578"]
[Annotator "ChessBase"]
[PlyCount "131"]
[EventDate "2019.11.10"]
[EventType "team-tourn"]
[EventCountry "MNE"]
[SourceTitle "playchess.com"]
[Source "ChessBase"]
[SourceQuality "1"]
[WhiteTeam "Law & Order"]
[BlackTeam "Molodezka"]
[TimeControl "40/5400+30:1800+30"]

1. g3 e5 2. c4 Nc6 3. Bg2 Bc5 4. Nc3 d6 5. e3 a6 6. Nf3 Nf6 7. O-O O-O 8. Qc2 Be6 9. d3 Qd7 10. Ng5 Bf5 11. Nge4 Nxe4 12. dxe4 Be6 13. Nd5 Nb8 14. b3 c6 15. Nc3 b5 16. Rd1 Qc7 17. cxb5 axb5 18. Bd2 Na6 19. a4 bxa4 20. bxa4 Nb4 21. Qb2 Rfb8 22. Rdb1 h5 23. Qc1 h4 24. gxh4 Qd8 25. Ne2 Qxh4 26. Bxb4 Bxb4 27. Qxc6 Rc8 28. Qb5 Bc5 29. Nc1 g6 30. Qe2 Bg4 31. Bf3 Bh3 32. Nb3 Kg7 33. Nd2 Rh8 34. Nf1 Bxf1 35. Kxf1 Qg5 36. Bg2 Rxh2 37. Qf3 Ra7 38. a5 Rh8 39. a6 Rha8 40. Qe2 Re7 41. Ra2 Re6 42. Rb3 Rf6 43. f3 Qg4 44. Ke1 Qg5 45. Kf1 Qh5 46. Ke1 Qh2 47. Kd2 d5 48. exd5 Rd6 49. e4 Rc8 50. Bf1 Qf4+ 51. Kd1 Ba7 52. Rc2 Rdd8 53. Rc4 Rb8 54. Kc2 Rxb3 55. Kxb3 Rb8+ 56. Rb4 Rc8 57. Rc4 Rb8+ 58. Rb4 Rc8 59. Rc4 Bc5 60. a7 Qf6 61. Rxc5 Rxc5 62. a8=Q Qb6+ 63. Ka2 Ra5+ 64. Qxa5 Qxa5+ 65. Kb3 Qb6+ 66. Qb5 1-0

[Event "35th European Club Cup 2019"]
[Site "Ulcinj"]
[Date "2019.11.15"]
[Round "6.29"]
[White "Antipov, Mikhail Al."]
[Black "Rozum, Ivan"]
[Result "0-1"]
[ECO "B10"]
[WhiteElo "2558"]
[BlackElo "2593"]
[Annotator "ChessBase"]
[PlyCount "80"]
[EventDate "2019.11.10"]
[EventType "team-tourn"]
[EventCountry "MNE"]
[SourceTitle "playchess.com"]
[Source "ChessBase"]
[SourceQuality "1"]
[WhiteTeam "Molodezka"]
[BlackTeam "Law & Order"]
[TimeControl "40/5400+30:1800+30"]

1. e4 c6 2. Nf3 d5 3. d3 g6 4. e5 Bg7 5. h3 f6 6. d4 fxe5 7. Nxe5 Nd7 8. f4 Nxe5 9. dxe5 Nh6 10. a4 a5 11. Ra3 O-O 12. Be2 g5 13. O-O gxf4 14. Bxf4 Qb6+ 15. Kh1 Rxf4 16. Rxf4 Qxb2 17. Re3 Nf5 18. Ref3 Qxe5 19. Qf1 Nd6 20. Rf8+ Bxf8 21. Rxf8+ Kg7 22. Bd3 Nf5 23. Bxf5 Kxf8 24. Bxc8+ Qf6 25. Qxf6+ exf6 26. Bf5 Re8 27. Kh2 Re1 28. Nd2 Ra1 29. Bc8 b6 30. Bb7 Ra2 31. Nb3 Rxc2 32. Nd4 Rc4 33. Nxc6 Rxa4 34. Na7 d4 35. Ba6 Ra1 36. Nc6 Rd1 37. Be2 Rd2 38. Bb5 d3 39. Nd4 Rd1 40. Kg3 d2 0-1

[Event "35th European Club Cup 2019"]
[Site "Ulcinj"]
[Date "2019.11.15"]
[Round "6.30"]
[White "Sychev, Klementy"]
[Black "Kryakvin, Dmitry"]
[Result "1-0"]
[ECO "C11"]
[WhiteElo "2578"]
[BlackElo "2605"]
[Annotator "ChessBase"]
[PlyCount "87"]
[EventDate "2019.11.10"]
[EventType "team-tourn"]
[EventCountry "MNE"]
[SourceTitle "playchess.com"]
[Source "ChessBase"]
[SourceQuality "1"]
[WhiteTeam "Law & Order"]
[BlackTeam "Molodezka"]
[TimeControl "40/5400+30:1800+30"]

1. e4 e6 2. d4 d5 3. Nc3 Nf6 4. e5 Nfd7 5. Nce2 c5 6. c3 Nc6 7. Nf3 Qa5 8. a3 Be7 9. Rb1 c4 10. Nf4 b5 11. h4 Qa4 12. Qxa4 bxa4 13. Be2 Na5 14. Bd1 Nb3 15. Be3 Rb8 16. Bc2 Nb6 17. Nh5 Bf8 18. Ng5 h6 19. Nh7 Nd7 20. Nxf8 Kxf8 21. g4 g6 22. Ng3 Kg7 23. f4 f6 24. h5 g5 25. exf6+ Nxf6 26. fxg5 Nxg4 27. gxh6+ Rxh6 28. Bxh6+ Kxh6 29. Rf1 e5 30. Rf8 exd4 31. Bf5 Rb7 32. Bxc8 Re7+ 33. Kf1 Nd2+ 34. Kg1 Ne3 35. Re1 Rg7 36. Kh2 Re7 37. Kh3 dxc3 38. bxc3 d4 39. cxd4 c3 40. Rf6+ Kg5 41. Rg6+ Kf4 42. Ne2+ Ke4 43. Nxc3+ Kxd4 44. Nd1 1-0

[Event "35th European Club Cup 2019"]
[Site "Ulcinj"]
[Date "2019.11.15"]
[Round "6.32"]
[White "Basso, Pier Luigi"]
[Black "Riff, Jean-Noel"]
[Result "1-0"]
[ECO "D37"]
[WhiteElo "2563"]
[BlackElo "2514"]
[Annotator "ChessBase"]
[PlyCount "113"]
[EventDate "2019.11.10"]
[EventType "team-tourn"]
[EventCountry "MNE"]
[SourceTitle "playchess.com"]
[Source "ChessBase"]
[SourceQuality "1"]
[WhiteTeam "WorldTradingLab Club"]
[BlackTeam "Mulhouse"]
[TimeControl "40/5400+30:1800+30"]

1. d4 Nf6 2. c4 e6 3. Nf3 d5 4. Nc3 Be7 5. Bf4 O-O 6. a3 b6 7. e3 c5 8. dxc5 bxc5 9. Be2 Bb7 10. O-O Nbd7 11. Rc1 Rc8 12. Qb3 Qb6 13. Qxb6 Nxb6 14. Nb5 Nxc4 15. Bxc4 dxc4 16. Nxa7 Ra8 17. Nb5 Bxf3 18. gxf3 Nd5 19. Rxc4 Ra5 20. Nc3 Nxc3 21. Rxc3 Bf6 22. Rc2 e5 23. Bg3 h5 24. h3 Rb8 25. Rd1 c4 26. Rd7 Rb3 27. Rc7 e4 28. fxe4 Bxb2 29. R7xc4 Raxa3 30. Rc8+ Kh7 31. R2c5 Kg6 32. Bf4 f6 33. R8c6 Rc3 34. Rg5+ Kf7 35. Rxc3 Bxc3 36. Rxh5 g5 37. Bg3 Ra4 38. Rh7+ Ke6 39. Rc7 Ba1 40. f3 Ra3 41. Rc6+ Kf7 42. Kf2 Ra2+ 43. Kf1 Ra3 44. Ke2 Ra2+ 45. Kf1 Ra3 46. Bf2 Be5 47. Rc2 Kg6 48. Kg2 Rd3 49. Re2 Kh5 50. Bg3 Bc3 51. f4 Kg6 52. f5+ Kf7 53. Kf3 Bd4 54. e5 Bxe5 55. Bxe5 fxe5 56. Ke4 Ra3 57. Rd2 1-0

[Event "35th European Club Cup 2019"]
[Site "Ulcinj"]
[Date "2019.11.15"]
[Round "6.33"]
[White "Sokolov, Andrei"]
[Black "Lopez Martinez, Josep Manuel"]
[Result "1/2-1/2"]
[ECO "B90"]
[WhiteElo "2497"]
[BlackElo "2567"]
[Annotator "ChessBase"]
[PlyCount "88"]
[EventDate "2019.11.10"]
[EventType "team-tourn"]
[EventCountry "MNE"]
[SourceTitle "playchess.com"]
[Source "ChessBase"]
[SourceQuality "1"]
[WhiteTeam "Mulhouse"]
[BlackTeam "WorldTradingLab Club"]
[TimeControl "40/5400+30:1800+30"]

1. e4 c5 2. Nf3 d6 3. d4 cxd4 4. Nxd4 Nf6 5. Nc3 a6 6. Be3 e5 7. Nf3 Be7 8. Bc4 O-O 9. O-O Nc6 10. Bg5 Nh5 11. Bxe7 Qxe7 12. Nd5 Qd8 13. Re1 Be6 14. c3 Nf6 15. Nxf6+ Qxf6 16. Bxe6 Qxe6 17. Qb3 Qxb3 18. axb3 Rfd8 19. Red1 f6 20. Ne1 Kf7 21. Nc2 Ke6 22. Ne3 Ne7 23. Rd2 Rac8 24. Rad1 g6 25. g4 Rd7 26. f3 Rcd8 27. Nd5 Nxd5 28. Rxd5 f5 29. gxf5+ gxf5 30. exf5+ Kxf5 31. Kf2 Ke6 32. c4 Rc8 33. Ke3 b5 34. cxb5 axb5 35. f4 exf4+ 36. Kxf4 b4 37. Rh5 Rf7+ 38. Ke3 Re8 39. Rd4 Kd7+ 40. Kd3 Rf3+ 41. Kc4 Rc8+ 42. Kb5 Rb8+ 43. Kc4 Rc8+ 44. Kb5 Rb8+ 1/2-1/2

[Event "35th European Club Cup 2019"]
[Site "Ulcinj"]
[Date "2019.11.15"]
[Round "6.34"]
[White "Stella, Andrea"]
[Black "Papadiamandis, Elliot"]
[Result "1-0"]
[ECO "D73"]
[WhiteElo "2475"]
[BlackElo "2220"]
[Annotator "ChessBase"]
[PlyCount "120"]
[EventDate "2019.11.10"]
[EventType "team-tourn"]
[EventCountry "MNE"]
[SourceTitle "playchess.com"]
[Source "ChessBase"]
[SourceQuality "1"]
[WhiteTeam "WorldTradingLab Club"]
[BlackTeam "Mulhouse"]
[TimeControl "40/5400+30:1800+30"]

1. d4 Nf6 2. c4 g6 3. Nf3 Bg7 4. g3 d5 5. Bg2 dxc4 6. Na3 c3 7. bxc3 O-O 8. O-O c5 9. Re1 Nc6 10. Bb2 Bf5 11. d5 Na5 12. Nd2 b5 13. c4 b4 14. Nc2 Ne8 15. Bxg7 Nxg7 16. e4 Bd7 17. Ne3 e5 18. dxe6 fxe6 19. Nb3 Nxb3 20. axb3 Qc7 21. Ra6 Bc6 22. Qa1 Bb7 23. Ra5 h5 24. Re2 a6 25. Rea2 Rf7 26. Rd2 Rd8 27. Rxc5 Qb6 28. Rxd8+ Qxd8 29. Ra5 Qd3 30. Qd1 Qxd1+ 31. Nxd1 Rd7 32. Ne3 Rd3 33. e5 Bxg2 34. Kxg2 Rxb3 35. Rxa6 Rc3 36. Rb6 b3 37. h3 Kf7 38. Rb7+ Kf8 39. Rb8+ Kf7 40. Rb7+ Kf8 41. g4 hxg4 42. hxg4 Kg8 43. Kf3 Kf8 44. Ke2 Rc1 45. Rxb3 Ne8 46. Rb7 Ra1 47. Kf3 Ra2 48. Kg3 g5 49. Kf3 Rd2 50. Ra7 Rb2 51. Rd7 Ra2 52. Kg3 Ra3 53. Kf3 Ra2 54. Nf1 Ra1 55. Nd2 Rc1 56. Ra7 Rc2 57. Ke3 Rc3+ 58. Kd4 Rc2 59. Ne4 Ng7 60. f3 Rc1 1-0

[Event "35th European Club Cup 2019"]
[Site "Ulcinj"]
[Date "2019.11.15"]
[Round "6.35"]
[White "Netzer, Jacques"]
[Black "Barp, Alberto"]
[Result "0-1"]
[ECO "C50"]
[WhiteElo "2284"]
[BlackElo "2382"]
[Annotator "NA"]
[PlyCount "152"]
[EventDate "2019.11.10"]
[EventType "team-tourn"]
[EventCountry "MNE"]
[SourceTitle "playchess.com"]
[Source "ChessBase"]
[SourceQuality "1"]
[WhiteTeam "Mulhouse"]
[BlackTeam "WorldTradingLab Club"]
[TimeControl "40/5400+30:1800+30"]

1. e4 e5 2. Nf3 Nc6 3. Bc4 Bc5 4. O-O Nf6 5. d3 a6 6. a4 Ba7 7. c3 d6 8. Re1 h6 9. h3 O-O 10. Na3 Ne7 11. Nc2 Ng6 12. Be3 Bxe3 13. Nxe3 c6 14. Qc2 d5 15. Ba2 Be6 16. d4 Nxe4 17. Nxe5 Qg5 18. Nxg6 fxg6 19. f3 Rxf3 20. Ng4 Bxg4 21. Qxe4 Rf4 22. Qe7 Bf5 23. Qxg5 hxg5 24. Re7 Re4 25. Rxb7 Re2 26. Rf1 Rf8 27. Bb3 Be4 28. Rxf8+ Kxf8 29. a5 Rxg2+ 30. Kf1 Rxb2 31. Rb6 Bd3+ 32. Ke1 Bb5 33. c4 Rxb3 34. cxb5 Rxb5 35. Rxa6 c5 36. dxc5 Rxc5 37. Rxg6 Rxa5 38. Rxg5 Kf7 39. h4 Kf6 40. Ke2 Rb5 41. Kd3 Rb3+ 42. Kd4 Rb4+ 43. Ke3 Re4+ 44. Kf3 Re5 45. Rg4 g6 46. Ra4 Re1 47. Ra6+ Kf5 48. Rd6 Re5 49. Kg3 Re3+ 50. Kf2 Rd3 51. Ke2 Rd4 52. Ke3 Re4+ 53. Kf3 Rf4+ 54. Kg3 Rg4+ 55. Kf3 d4 56. h5 gxh5 57. Rd5+ Kg6 58. Ra5 Rh4 59. Rd5 Kf6 60. Kg3 Ke6 61. Rd8 Rg4+ 62. Kf3 Ke5 63. Re8+ Kd5 64. Ra8 Kc4 65. Ra4+ Kc3 66. Ra3+ Kc2 67. Ra2+ Kb3 68. Ra5 Rh4 69. Kg3 Re4 70. Rxh5 d3 71. Kf3 Re1 72. Rd5 Kc3 73. Rc5+ Kd4 74. Rc8 d2 75. Rd8+ Kc3 76. Rc8+ Kb4 0-1

[Event "35th European Club Cup 2019"]
[Site "Ulcinj"]
[Date "2019.11.15"]
[Round "6.36"]
[White "Seresin, Francesco"]
[Black "Richard, Emma"]
[Result "1/2-1/2"]
[ECO "E48"]
[WhiteElo "2367"]
[BlackElo "2157"]
[Annotator "NA"]
[PlyCount "131"]
[EventDate "2019.11.10"]
[EventType "team-tourn"]
[EventCountry "MNE"]
[SourceTitle "playchess.com"]
[Source "ChessBase"]
[SourceQuality "1"]
[WhiteTeam "WorldTradingLab Club"]
[BlackTeam "Mulhouse"]
[TimeControl "40/5400+30:1800+30"]

1. d4 Nf6 2. c4 e6 3. Nc3 Bb4 4. e3 O-O 5. Bd3 d5 6. cxd5 exd5 7. Nge2 b6 8. O-O Ba6 9. f3 Bxd3 10. Qxd3 c5 11. dxc5 Bxc5 12. Nd4 Nbd7 13. Nce2 Ne5 14. Qf5 Re8 15. b3 g6 16. Qg5 h6 17. Qh4 Nd3 18. Bd2 Nh5 19. Qxd8 Raxd8 20. g3 f5 21. Kg2 Rc8 22. Rad1 Bb4 23. Bxb4 Nxb4 24. Kf2 Nxa2 25. Rd2 Nc3 26. Rc1 Nxe2 27. Rxc8 Rxc8 28. Nxe2 Rc5 29. Rd4 Nf6 30. Ke1 Kf7 31. Kd2 g5 32. Nc3 Ke6 33. h3 h5 34. Rb4 g4 35. hxg4 hxg4 36. fxg4 Nxg4 37. Nb5 Nf6 38. Nxa7 Ne4+ 39. Kd3 Ke5 40. Rxb6 Rc3+ 41. Ke2 Nxg3+ 42. Kf3 Nf1 43. Nc6+ Rxc6 44. Rxc6 Nd2+ 45. Ke2 Nxb3 46. Kd3 Na5 47. Rc8 Kd6 48. Rd8+ Ke6 49. Rh8 Ke5 50. Re8+ Kd6 51. Kd4 Nc6+ 52. Kc3 Kd7 53. Rf8 Ke6 54. Rh8 Ke5 55. Rh4 Na5 56. Kd3 Nc6 57. Ra4 Nd8 58. Ra8 Ne6 59. Rh8 Kd6 60. Ke2 Ke5 61. Ra8 Kd6 62. Ra1 Ke5 63. Rf1 Kf6 64. Ra1 Ke5 65. Ra6 Kf6 66. Ra1 1/2-1/2

[Event "35th European Club Cup 2019"]
[Site "Ulcinj"]
[Date "2019.11.16"]
[Round "7.1"]
[White "Pruijssers, Roeland"]
[Black "Laurusas, Tomas"]
[Result "1/2-1/2"]
[ECO "C42"]
[WhiteElo "2557"]
[BlackElo "2499"]
[Annotator "ChessBase"]
[PlyCount "51"]
[EventDate "2019.11.10"]
[EventType "team-tourn"]
[EventCountry "MNE"]
[SourceTitle "playchess.com"]
[Source "ChessBase"]
[SourceQuality "1"]
[WhiteTeam "Echiquier Mosan"]
[BlackTeam "MRU-ROSK Consulting"]
[TimeControl "40/5400+30:1800+30"]

1. e4 e5 2. Nf3 Nf6 3. Nxe5 d6 4. Nf3 Nxe4 5. d3 Nf6 6. d4 Be7 7. Bd3 Bg4 8. O-O O-O 9. Re1 Re8 10. Bg5 Nbd7 11. Nc3 c6 12. h3 Bh5 13. Bf5 Nb6 14. Qd3 Bg6 15. Bxg6 hxg6 16. Bxf6 Bxf6 17. Rxe8+ Qxe8 18. Ne4 d5 19. Nxf6+ gxf6 20. Re1 Qf8 21. Qe3 Nc4 22. Qf4 Qd6 23. Qh6 Qf8 24. Qf4 Qd6 25. Qh6 Qf8 26. Qf4 1/2-1/2

[Event "35th European Club Cup 2019"]
[Site "Ulcinj"]
[Date "2019.11.16"]
[Round "7.1"]
[White "Kalezic, Blazo"]
[Black "Leenhouts, Koen"]
[Result "1/2-1/2"]
[ECO "C88"]
[WhiteElo "2455"]
[BlackElo "2424"]
[Annotator "ChessBase"]
[PlyCount "88"]
[EventDate "2019.11.10"]
[EventType "team-tourn"]
[EventCountry "MNE"]
[SourceTitle "playchess.com"]
[Source "ChessBase"]
[SourceQuality "1"]
[WhiteTeam "Buducnost"]
[BlackTeam "HWP Sas van Gent"]
[TimeControl "40/5400+30:1800+30"]

1. e4 e5 2. Nf3 Nc6 3. Bb5 a6 4. Ba4 Nf6 5. O-O Be7 6. Re1 b5 7. Bb3 d6 8. a4 Bd7 9. c3 O-O 10. h3 Re8 11. Ng5 Rf8 12. Nf3 Re8 13. d3 h6 14. Nbd2 Bf8 15. Nf1 Na5 16. Bc2 c5 17. Ng3 Rb8 18. axb5 axb5 19. d4 Qc7 20. d5 b4 21. cxb4 cxb4 22. Bd3 Rec8 23. Be3 Nc4 24. Qe2 Nxe3 25. Qxe3 Qc5 26. Qe2 Bb5 27. Red1 g6 28. Ne1 h5 29. Rac1 Bxd3 30. Nxd3 Qb5 31. Qf3 Bg7 32. h4 Ng4 33. Rxc8+ Rxc8 34. Ra1 Qb7 35. Nf1 Bh6 36. Nh2 Nxh2 37. Kxh2 Kg7 38. g4 hxg4 39. Qxg4 Rc4 40. Rg1 Rd4 41. Rg3 Qb5 42. Qf3 Qc4 43. h5 Qb3 44. Qf5 Rxd3 1/2-1/2

[Event "35th European Club Cup 2019"]
[Site "Ulcinj"]
[Date "2019.11.16"]
[Round "7.1"]
[White "Schmidek, Emil"]
[Black "Hammer, Jon Ludvig"]
[Result "1/2-1/2"]
[ECO "C42"]
[WhiteElo "2394"]
[BlackElo "2625"]
[Annotator "ChessBase"]
[PlyCount "76"]
[EventDate "2019.11.10"]
[EventType "team-tourn"]
[EventCountry "MNE"]
[SourceTitle "playchess.com"]
[Source "ChessBase"]
[SourceQuality "1"]
[WhiteTeam "Berlin"]
[BlackTeam "Koge SK"]
[TimeControl "40/5400+30:1800+30"]

1. e4 e5 2. Nf3 Nf6 3. Nxe5 d6 4. Nf3 Nxe4 5. Nc3 Nxc3 6. dxc3 Be7 7. Be3 O-O 8. Qd2 Nd7 9. O-O-O Ne5 10. Be2 Ng4 11. Kb1 Nxe3 12. Qxe3 c6 13. h4 Bf6 14. Qd3 Re8 15. Ng5 g6 16. f4 Bf5 17. Qd2 Qb6 18. g4 Re3 19. Ka1 Rae8 20. Bc4 d5 21. gxf5 dxc4 22. fxg6 hxg6 23. h5 Rd8 24. Qh2 Rxd1+ 25. Rxd1 Qc7 26. hxg6 fxg6 27. Qh6 Qg7 28. Qxg7+ Kxg7 29. a4 Bxg5 30. fxg5 Kf7 31. Rd7+ Re7 32. Rd6 Re5 33. Rd7+ Re7 34. Rd6 a5 35. Rf6+ Kg7 36. Rd6 Kf7 37. Rf6+ Kg7 38. Rd6 Kf7 1/2-1/2